 Dungeon Crawl Stone Soup version 0.23-a0-681-g26ad783 (console) character file.

512 minmay the Magician (level 7, -4/45 HPs)
             Began as an Octopode Skald on Jan 11, 2019.
             Was a Believer of Vehumet.
             Slain by an ice beast (13 damage)
             ... on level 5 of the Dungeon.
             The game lasted 00:09:56 (5320 turns).

minmay the Magician (Octopode Skald)                Turns: 5320, Time: 00:09:57

Health: -4/45      AC:  1    Str: 11    XL:     7   Next: 19%
Magic:  8/15       EV: 13    Int: 17    God:    Vehumet [**....]
Gold:   327        SH:  0    Dex: 11    Spells: 8/17 levels left

rFire    . . .     SeeInvis .   a - +1 dagger (speed)
rCold    . . .     Gourm    .   (no shield)
rNeg     . . .     Faith    .   (helmet restricted)
rPois    .         Spirit   .   (no amulet)
rElec    .         Reflect  .   (no ring)
rCorr    .         Harm     .   (no ring)
MR       .....                  (no ring)
Stlth    ++........             (no ring)
HPRegen  0.15/turn              (no ring)
MPRegen  0.14/turn              (no ring)
                                (no ring)
                                (no ring)

@: no status effects
A: almost no armour, stealthy swim, amphibious, 8 rings, constrict 8, camouflage
1, gelatinous body 1
a: Renounce Religion


You were on level 5 of the Dungeon.
You worshipped Vehumet.
Vehumet was pleased with you.
You were hungry.

You visited 2 branches of the dungeon, and saw 6 of its levels.

You collected 327 gold pieces.

Inventory:

Hand Weapons
 a - a +1 dagger of speed (weapon)
   (You took it off a kobold on level 2 of the Dungeon)
 o - a +0 blowgun
   (You took it off a kobold on level 3 of the Dungeon)
 r - a +0 hunting sling
   (You found it on level 4 of the Dungeon)
 v - a +0 falchion
 w - a +0 short sword of speed
   (You took it off a kobold on level 2 of the Dungeon)
 z - a +3 whip
   (You took it off an orc on level 4 of the Dungeon)
Missiles
 e - 33 stones (quivered)
 f - 53 arrows
 m - 2 throwing nets
 p - 6 poisoned needles
 y - 74 sling bullets
Magical Staves
 j - an uncursed staff of energy {unknown}
   (You found it on level 3 of the Dungeon)
Wands
 x - a wand of digging (5)
   (You found it on level 2 of the Dungeon)
 C - a wand of acid (9)
   (You found it on level 4 of the Dungeon)
Scrolls
 d - 3 scrolls of remove curse {unknown}
 g - 3 scrolls of magic mapping {unknown}
 i - 2 scrolls of enchant armour {unknown}
 k - a scroll of blinking {unknown}
 l - a scroll of teleportation {unknown}
 q - 6 scrolls of identify {unknown}
 A - a scroll of fear {unknown}
Potions
 b - 3 potions of lignification {unknown}
 c - a potion of invisibility {unknown}
 h - a potion of degeneration {unknown}
 n - 2 potions of haste {unknown}
 s - a potion of curing {unknown}
 u - 2 potions of flight {unknown}
 B - a potion of heal wounds {unknown}
 E - a potion of ambrosia {unknown}
Comestibles
 t - 5 rations


   Skills:
 - Level 2.0 Fighting
 - Level 2.0 Long Blades
 - Level 2.3 Dodging
 - Level 5.5 Spellcasting
 - Level 3.0 Charms
 + Level 4.4 Earth Magic


You had 8 spell levels left.
You knew the following spells:

 Your Spells              Type           Power        Failure   Level  Hunger
a - Sandblast             Erth           ###...       2%          1    None
b - Searing Ray           Conj           #.....       21%         2    #......
c - Infusion              Chrm           ##..         4%          1    None
o - Shroud of Golubria    Chrm/Tloc      #.........   11%         2    #......
x - Regeneration          Chrm/Necr      #.........   22%         3    ##.....

Your spell library contained the following spells:

 Spells                   Type           Power        Failure   Level  Hunger
 Song of Slaying          Chrm           ##......     6%          2    #......
 Spectral Weapon          Hex/Chrm       #.......     22%         3    ##.....


Dungeon Overview and Level Annotations

Branches:
Dungeon (5/15)             Temple (1/1) D:4

Altars:
Ashenzari
Cheibriados
Dithmenos
Elyvilon
Fedhas
Gozag
Hepliaklqana
Kikubaaqudgha
Makhleb
Nemelex Xobeh
Okawaru
Qazlal
Ru
Sif Muna
Trog
Uskayaw
Vehumet
Wu Jian
Xom
Yredelemnul
Zin
The Shining One


Innate Abilities, Weirdness & Mutations

You cannot wear most types of armour.
You are very stealthy in the water. (Stealth+)
You are amphibious.
You can wear up to eight rings at the same time.
You can use your tentacles to constrict eight enemies at once.
Your skin changes colour to match your surroundings (Stealth+).
Your rubbery body absorbs attacks. (AC +1, EV +1)


Message History

Okay, then.
Cast which spell? (? or * to list)
You can't see any susceptible monsters within range! (Use Z to cast anyway.) Evoke which item? (* to show all) (? for menu, Esc to quit)
Okay, then.
Quiver which item? (- for none, * to show all) (? for menu, Esc to quit)
Okay, then.
Cast which spell? (? or * to list)
Okay, then.
Cast which spell? (? or * to list) Space distorts slightly along a thin shroud covering your body.
Cast which spell? (? or * to list)
Aiming: Sandblast (safe; 2% risk of failure)
Press: ? - help, Shift-Dir - straight line, f - ice beast
Aim: an ice beast The blast of sand hits the ice beast.
e - 38 stones Cast which spell? (? or * to list)
Aiming: Sandblast (safe; 2% risk of failure)
Press: ? - help, Shift-Dir - straight line, f/p - ice beast
Aim: an ice beast The blast of sand hits the ice beast.
The ice beast is moderately wounded.
e - 37 stones Cast which spell? (? or * to list)
Aiming: Sandblast (safe; 2% risk of failure)
Press: ? - help, Shift-Dir - straight line, f/p - ice beast
Aim: an ice beast (moderately wounded)
The blast of sand misses the ice beast.
e - 36 stones The ice beast closely misses you.
Cast which spell? (? or * to list)
Aiming: Sandblast (safe; 2% risk of failure)
Press: ? - help, Shift-Dir - straight line, f/p - ice beast
Aim: an ice beast (moderately wounded)
The blast of sand hits the ice beast.
The ice beast is moderately wounded.
e - 35 stones The ice beast hits you.
The ice beast freezes you.
Cast which spell? (? or * to list)
Aiming: Sandblast (safe; 2% risk of failure)
Press: ? - help, Shift-Dir - straight line, f/p - ice beast
Aim: an ice beast (moderately wounded)
The blast of sand hits the ice beast.
The ice beast is moderately wounded.
e - 34 stones The ice beast hits you.
The ice beast freezes you!
Cast which spell? (? or * to list)
Aiming: Sandblast (safe; 2% risk of failure)
Press: ? - help, Shift-Dir - straight line, f/p - ice beast
Aim: an ice beast (moderately wounded)
The blast of sand hits the ice beast.
The ice beast is moderately wounded.
e - 33 stones The ice beast hits you.
The ice beast freezes you.
* * * LOW HITPOINT WARNING * * *
Your shroud falls apart!
You are feeling hungry.
All of the chunks of flesh in your inventory have rotted away.
Okay, then.
The ice beast hits you.
* * * LOW HITPOINT WARNING * * *
The ice beast freezes you!
You die...

...........# ...
.......#...# ...
.......#...## #.. #. #.
.......<....###.### #.#o.
#.................###..o##
##.......(..###..........#
...........###...........#
###......Y.####......)...#
#.......@##...........#
#.........#..........####
...........#.............#
..........................#
......##..#.#.......#....##
...... #....#.......#....#
...........#...........##
.......#..##............##
...##.. ##...........##


You could see an ice beast.

Vanquished Creatures
  A phantom (D:5)
  An orc priest (Temple)
  A bullfrog skeleton (D:3)
  3 orc wizards
  A centaur skeleton (D:4)
  A worker ant (D:4)
  A hound skeleton (D:4)
  14 adders
  3 worms
  A dart slug (D:2)
  4 leopard geckos
  6 orcs
  A ball python (D:1)
  11 bats
  6 giant cockroaches
  7 hobgoblins
  3 quokkas
  4 frilled lizards
  9 goblins
  8 kobolds
  2 leopard gecko skeletons
  9 rats
97 creatures vanquished.

Notes
Turn   | Place    | Note
-------+----------+-------------------------------------------
     0 | D:1      | minmay the Octopode Skald began the quest for the Orb.
     0 | D:1      | Reached XP level 1. HP: 14/14 MP: 3/3
   345 | D:2      | Reached XP level 2. HP: 16/19 MP: 3/5
   422 | D:3      | Reached skill level 3 in Spellcasting
   609 | D:3      | Reached XP level 3. HP: 24/24 MP: 7/7
   866 | D:3      | Reached skill level 4 in Spellcasting
   866 | D:3      | Reached XP level 4. HP: 21/29 MP: 10/10
  1663 | D:3      | Reached XP level 5. HP: 15/34 MP: 12/12
  1898 | D:4      | Found a shimmering altar of Xom.
  1899 | D:4      | Found a shimmering altar of Xom.
  1901 | D:4      | Found a shimmering altar of Xom.
  1904 | D:4      | Found a staircase to the Ecumenical Temple.
  1916 | Temple   | Entered the Ecumenical Temple
  2200 | Temple   | Became a worshipper of Vehumet
  2223 | Temple   | Reached skill level 5 in Spellcasting
  3044 | D:1      | Reached * piety under Vehumet
  3044 | D:1      | Offered knowledge of Sandblast by Vehumet.
  3047 | D:1      | Learned a level 1 spell: Sandblast
  3051 | D:1      | Learned a level 3 spell: Regeneration
  3055 | D:1      | Learned a level 2 spell: Shroud of Golubria
  3117 | D:1      | Reached XP level 6. HP: 38/39 MP: 14/14
  3665 | D:2      | Reached skill level 1 in Earth Magic
  4136 | D:2      | Reached skill level 2 in Earth Magic
  4412 | D:4      | Reached ** piety under Vehumet
  4412 | D:4      | Offered knowledge of Searing Ray by Vehumet.
  4423 | D:4      | Learned a level 2 spell: Searing Ray
  4469 | D:4      | Reached skill level 3 in Earth Magic
  4764 | D:4      | Found a blossoming altar of Fedhas.
  4778 | D:4      | Found a shimmering altar of Xom.
  4781 | D:4      | Found a shimmering altar of Xom.
  4781 | D:4      | Found a shimmering altar of Xom.
  5088 | D:5      | Entered Level 5 of the Dungeon
  5231 | D:5      | Noticed a phantom
  5242 | D:5      | Killed a phantom
  5242 | D:5      | Reached skill level 4 in Earth Magic
  5242 | D:5      | Reached XP level 7. HP: 41/45 MP: 6/15
  5320 | D:5      | Slain by an ice beast

Vault maps used:
D:1:      lightli_arrival_quake, minmay_bisected
D:2:      first_ration
D:4:      lemuel_crystal_altar, minmay_temple_entry_arrows, serial_corexii_hall,
          corexii_hall_statues_s, corexii_hall_statues_i,
          chequers_hall_statues_wall_a, corexii_hall_statues_x, xom_redecorated
Temple:   regret_index_temple_sigil_plot

Skill      XL: |  1  2  3  4  5  6 |
---------------+-------------------+-----
Spellcasting   | 3 4 5 |  5.5
Earth Magic    | 4 |  4.4
Fighting       | |  2.0
Long Blades    | |  2.0
Dodging        | |  2.3
Charms         | |  3.0

Action                   |  1- 3 |  4- 6 |  7- 9 || total
-------------------------+-------+-------+-------++-------
Melee: Falchion          |    42 |   103 |       ||   145
       Constrict         |    12 |    55 |       ||    67
       Tentacles         |     7 |    33 |       ||    40
       Dagger            |       |    66 |       ||    66
       Short sword       |       |     3 |       ||     3
 Fire: Blowgun           |       |     2 |       ||     2
 Cast: Sandblast         |       |    21 |     7 ||    28
       Searing Ray       |       |     1 |       ||     1
       Shroud of Golubri |       |       |     1 ||     1
 Stab: Sleeping          |     5 |    11 |       ||    16
  Eat: Chunk             |       |    10 |       ||    10
       Ration            |       |     1 |       ||     1
Armor: Skin              |     2 |    19 |       ||    21
Dodge: Dodged            |    19 |   105 |     1 ||   125
       Rpst.: Falchion   |     6 |    30 |       ||    36

Table legend:
 A = Non-vault XP
 B = Vault XP
 C = Vault XP percentage of total XP
 D = Non-vault monster count
 E = Vault monster count
 F = Vault count percentage of total count
                 A         B        C        D         E       F
            +---------+---------+-------+---------+---------+-------
      Total |     729 |       3 |   0.4 |      94 |       3 |   3.1
            +---------+---------+-------+---------+---------+-------
        D:1 |      40 |       3 |   7.0 |      25 |       3 |  10.7
        D:2 |     100 |       0 |   0.0 |      25 |       0 |   0.0
        D:3 |     158 |       0 |   0.0 |      23 |       0 |   0.0
        D:4 |     207 |       0 |   0.0 |      13 |       0 |   0.0
        D:5 |     138 |       0 |   0.0 |       4 |       0 |   0.0
     Temple |      86 |       0 |   0.0 |       4 |       0 |   0.0
            +---------+---------+-------+---------+---------+-------
